 Dungeon Crawl Stone Soup version 0.23-a0-332-g9fe5f10 (webtiles) character file.

2258 riellis the Spear-Bearer (level 9, -6/90 HPs)
             Began as a Naga Skald on Oct 16, 2018.
             Was an Initiate of Gozag.
             Mangled by Harold
             ... wielding a +0 trident
              (20 damage)
             ... on level 7 of the Dungeon.
             The game lasted 00:31:58 (9049 turns).

riellis the Spear-Bearer (Naga Skald)               Turns: 9049, Time: 00:31:59

Health: -6/90      AC:  5    Str: 13    XL:     9   Next: 38%
Magic:  2/10       EV:  9    Int: 22    God:    Gozag
Gold:   604        SH:  0    Dex: 17    Spells: 4/12 levels left

rFire    . . .     SeeInvis +   a - +4 trident
rCold    . . .     Gourm    .   (no shield)
rNeg     + . .     Faith    .   o - +0 leather armour
rPois    +         Spirit   .   n - +0 helmet
rElec    .         Reflect  .   k - scarf {cloud immunity}
rCorr    .         Harm     .   (no gloves)
MR       +....                  (no barding)
Stlth    ++........             (no amulet)
HPRegen  0.25/turn              z - ring of positive energy
MPRegen  0.12/turn              C - +6 ring of dexterity

@: brilliant, marked, very slightly contaminated, hasted, heavily drained,
invisible, quick
A: large, see invisible, deformed body, low mp 1, poison resistance, robust 1,
slowness 2, slow metabolism 1, spit poison 1, sturdy frame 1, AC +3
a: Spit Poison, Potion Petition, Call Merchant, Bribe Branch, Renounce Religion


You were on level 7 of the Dungeon.
You worshipped Gozag.
Gozag was pleased with you.
You were near starving.

You visited 2 branches of the dungeon, and saw 8 of its levels.

You collected 644 gold pieces.
You paid 40 gold pieces to Gozag.

Inventory:

Hand Weapons
 a - a +4 trident (weapon)
 b - a +0 hunting sling of flaming
 x - a +0 blowgun
 F - a +5 battleaxe of freezing
Missiles
 l - 25 sling bullets
 p - 59 stones (quivered)
 y - 7 poisoned needles
 A - 69 bolts
 B - 8 javelins
Armour
 k - a scarf of cloud immunity (worn)
 n - a +0 helmet (worn)
 o - a +0 leather armour (worn)
Jewellery
 z - a ring of positive energy (left hand)
 C - a +6 ring of dexterity (right hand)
 D - an uncursed amulet of faith
Wands
 m - a wand of digging (11)
Scrolls
 e - a scroll of blinking
 f - a scroll of random uselessness {unknown}
 j - 2 scrolls of teleportation
 r - 2 scrolls of enchant weapon {unknown}
 s - 2 scrolls of remove curse
 u - a scroll of fog {unknown}
 E - a scroll of fear {unknown}
Potions
 g - a potion of haste
 h - a potion of lignification {unknown}
 i - a potion of flight {unknown}
 q - a potion of mutation
 t - a potion of invisibility
 v - a potion of brilliance
Comestibles
 d - 8 rations


   Skills:
 + Level 6.2(4.3) Fighting
 * Level 8.8(6.7) Polearms
 - Level 0.7(0.0) Armour
 + Level 1.7(0.0) Dodging
 - Level 5.0(3.1) Stealth
 - Level 2.0(0.2) Spellcasting
 + Level 3.2(1.4) Charms
 - Level 5.0(3.1) Necromancy


You had 4 spell levels left.
You knew the following spells:

 Your Spells              Type           Power        Failure   Level  Hunger
a - Infusion              Chrm           ###.         1%          1    ##.....
b - Song of Slaying       Chrm           ###.....     1%          2    ###....
c - Shroud of Golubria    Chrm/Tloc      ###.......   2%          2    ###....
d - Regeneration          Chrm/Necr      ###.......   2%          3    ####...

Your spell library contained the following spells:

 Spells                   Type           Power        Failure   Level  Hunger
 Spectral Weapon          Hex/Chrm       ###.....     4%          3    ####...


Dungeon Overview and Level Annotations

Branches:
Dungeon (7/15)             Temple (1/1) D:4

Altars:
Ashenzari
Cheibriados
Dithmenos
Fedhas
Gozag
Hepliaklqana
Kikubaaqudgha
Makhleb
Nemelex Xobeh
Okawaru
Qazlal
Ru
Sif Muna
Trog
Uskayaw
Vehumet
Wu Jian
Xom
Yredelemnul
Zin
The Shining One

Annotations:
D:7 Harold


Innate Abilities, Weirdness & Mutations

You cannot wear boots.
Your serpentine skin is tough. (AC +3)
You have supernaturally acute eyesight. (SInv)
Armour fits poorly on your strangely shaped body.
Your system is resistant to poisons. (rPois)
You cover ground very slowly.
You have a slow metabolism.
You can spit poison.
Your magical capacity is low. (-10% MP)
You are robust. (+10% HP)
Your movements are slightly less encumbered by armour. (ER -2)


Message History

Harold is severely wounded.
Harold hits you with a +0 trident!
* * * LOW HITPOINT WARNING * * *
You hit Harold.
Harold is severely wounded.
Harold hits you with a +0 trident.
* * * LOW HITPOINT WARNING * * *
You catch the helpless Harold completely off-guard!
You puncture Harold!
Harold is almost dead.
You feel better.
Harold points at you and mumbles some strange words.
The mark upon you grows brighter.
You barely miss Harold.
Harold is almost dead.
You barely miss Harold.
Harold is almost dead.
Harold hits you with a +0 trident!!
You die...
Your body crumbles into a pile of gold.

#.####.#.#
#.####.#.#
#.##...).#
#.##.#.###
#.##.#.#
#.##.#.#
#......#
####(####.###
#.@@......
#####..##. #


You could see Harold.

Vanquished Creatures
  Sigmund (D:2)
  2 black bears (D:6)
  2 centaurs
  3 ogres
  3 bullfrogs (D:6)
  A scorpion (D:6)
  9 wights
  2 howler monkeys
  A crimson imp (D:5)
  3 orc priests
  A hound (D:5)
  3 orc wizards (D:4)
  A bullfrog skeleton (D:5)
  2 centaur skeletons (D:6)
  Crazy Yiuf (D:6)
  An iguana (D:5)
  Natasha (thrice) (D:2)
  4 worker ants
  A hound skeleton (D:7)
  Robin (D:2)
  10 adders
  A gnoll (D:1)
  A howler monkey skeleton (D:4)
  An adder skeleton (D:4)
  An adder zombie (D:5)
  8 worms
  2 dart slugs (D:3)
  3 leopard geckos
  18 orcs
  A ball python (D:2)
  2 giant cockroaches
  19 goblins
  10 hobgoblins
  2 jackals (D:3)
  6 kobolds
  6 quokkas
  5 bats
  A leopard gecko skeleton (D:4)
  11 rats
153 creatures vanquished.

Notes
Turn   | Place    | Note
-------+----------+-------------------------------------------
     0 | D:1      | riellis the Naga Skald began the quest for the Orb.
     0 | D:1      | Reached XP level 1. HP: 19/19 MP: 3/3
   323 | D:1      | Reached XP level 2. HP: 23/26 MP: 0/5
   765 | D:1      | Reached skill level 3 in Polearms
   781 | D:1      | Reached XP level 3. HP: 33/33 MP: 6/6
  1411 | D:2      | Noticed Sigmund
  1436 | D:2      | Killed Sigmund
  1436 | D:2      | Reached skill level 4 in Polearms
  1436 | D:2      | Reached XP level 4. HP: 22/42 MP: 1/7
  1436 | D:2      | Reached XP level 5. HP: 26/49 MP: 1/8
  1699 | D:2      | Learned a level 2 spell: Song of Slaying
  1702 | D:2      | Learned a level 2 spell: Shroud of Golubria
  1706 | D:2      | Learned a level 3 spell: Regeneration
  1745 | D:2      | Noticed Robin
  1752 | D:2      | Killed Robin
  1761 | D:2      | Reached XP level 6. HP: 40/56 MP: 0/9
  1994 | D:2      | You fall through a shaft!
  2015 | D:3      | Reached skill level 1 in Necromancy
  2094 | D:3      | Reached skill level 5 in Polearms
  2335 | D:2      | Noticed Natasha
  2347 | D:2      | Killed Natasha
  2468 | D:2      | Noticed Natasha
  2471 | D:2      | Killed Natasha
  2471 | D:2      | Reached XP level 7. HP: 63/63 MP: 10/10
  2484 | D:2      | Noticed Natasha
  2489 | D:2      | Killed Natasha
  4225 | D:4      | Found a staircase to the Ecumenical Temple.
  4237 | D:4      | Reached skill level 5 in Stealth
  4352 | Temple   | Entered the Ecumenical Temple
  4436 | Temple   | Became a worshipper of Gozag Ym Sagoz the Greedy
  4889 | D:4      | Reached skill level 6 in Polearms
  5301 | D:5      | Entered Level 5 of the Dungeon
  5455 | D:5      | Reached XP level 8. HP: 54/73 MP: 11/11
  5760 | D:5      | Reached skill level 5 in Fighting
  5760 | D:5      | Reached skill level 7 in Polearms
  7167 | D:6      | Reached skill level 8 in Polearms
  7167 | D:6      | Reached XP level 9. HP: 47/82 MP: 0/12
  7303 | D:6      | Found a bloodstained altar of Trog.
  7818 | D:6      | Found a runed door.
  7822 | D:6      | Noticed Crazy Yiuf
  7827 | D:6      | Killed Crazy Yiuf
  8274 | D:7      | Gained mutation: You are robust. (+10% HP) [potion of
                  | mutation]
  8274 | D:7      | Gained mutation: Your magical capacity is low. (-10% MP)
                  | [potion of mutation]
  8274 | D:7      | Gained mutation: Your movements are slightly less
                  | encumbered by armour. (ER -2) [potion of mutation]
  8987 | D:7      | Reached skill level 5 in Necromancy
  9011 | D:7      | Noticed Harold
  9049 | D:7      | Mangled by Harold

Vault maps used:
D:1:      sevenhm_arrival_forest_fort_large_4, minmay_misc_feat_alley,
          kennysheep_minor_cross
D:2:      first_ration, uniq_natasha, uniq_sigmund, uniq_robin
D:4:      temple_fountains
D:6:      trog_ov_bears_minmay, uniq_crazy_yiuf_cottage
D:7:      lemuel_ratsnest, old_standard_altar, nicolae_lava_and_water,
          uniq_harold
Temple:   dpeg_three_leaves_temple

Skill      XL: |  1  2  3  4  5  6  7  8  9 |
---------------+----------------------------+-----
Polearms       | 3 4 5 6 8 |  8.8
Fighting       | 3 4 5 6 |  6.2
Stealth        | 3 4 5 |  5.0
Necromancy     | 1 2 4 5 |  5.0
Armour         | |  0.7
Dodging        | |  1.7
Spellcasting   | |  2.0
Charms         | |  3.2

Action                   |  1- 3 |  4- 6 |  7- 9 || total
-------------------------+-------+-------+-------++-------
Melee: Spear             |    92 |    52 |   132 ||   276
       Trident           |       |       |   291 ||   291
       Battleaxe         |       |       |     1 ||     1
 Fire: Hunting sling     |       |    32 |   128 ||   160
Throw: Stone             |       |       |     8 ||     8
 Cast: Infusion          |    14 |     3 |    21 ||    38
       Song of Slaying   |       |     1 |     4 ||     5
       Regeneration      |       |       |    11 ||    11
       Shroud of Golubri |       |       |     7 ||     7
 Abil: Spit Poison       |    12 |     8 |    15 ||    35
  Use: Scroll            |     1 |     1 |     6 ||     8
       Potion            |     1 |       |     7 ||     8
 Stab: Sleeping          |     1 |       |     4 ||     5
       Distracted        |       |       |     1 ||     1
       Invisible         |       |       |     2 ||     2
  Eat: Chunk             |     2 |     3 |     6 ||    11
       Ration            |       |       |     4 ||     4
Armor: Leather armour    |     7 |     8 |    83 ||    98
Dodge: Dodged            |    31 |    21 |   214 ||   266

Table legend:
 A = Non-vault XP
 B = Vault XP
 C = Vault XP percentage of total XP
 D = Non-vault monster count
 E = Vault monster count
 F = Vault count percentage of total count
                 A         B        C        D         E       F
            +---------+---------+-------+---------+---------+-------
      Total |    2638 |     589 |  18.3 |     137 |      16 |  10.5
            +---------+---------+-------+---------+---------+-------
        D:1 |      46 |       0 |   0.0 |      21 |       0 |   0.0
        D:2 |     124 |     292 |  70.2 |      15 |      13 |  46.4
        D:3 |     284 |       0 |   0.0 |      36 |       0 |   0.0
        D:4 |     283 |       0 |   0.0 |      24 |       0 |   0.0
        D:5 |     618 |       0 |   0.0 |      17 |       0 |   0.0
        D:6 |    1033 |     297 |  22.3 |      19 |       3 |  13.6
        D:7 |     250 |       0 |   0.0 |       5 |       0 |   0.0
            +---------+---------+-------+---------+---------+-------
